 Dungeon Crawl Stone Soup version 0.31-a0-185-g9dded2c639 (webtiles) character file.

Game seed: 1428233849023894151

39 qw the Shooter (level 3, -16/20 HPs)
             Began as a Deep Elf Hunter on June 22, 2023.
             Demolished by an ogre
             ... wielding a +0 giant spiked club
              (36 damage)
             ... on level 2 of the Dungeon.
             The game lasted 00:00:27 (882 turns).

qw the Shooter (Deep Elf Hunter)                     Turns: 882, Time: 00:00:28

Health: -16/20     AC:  5    Str: 10    XL:     3   Next: 28%
Magic:  5/5        EV: 11    Int: 13    God:
Gold:   89         SH:  0    Dex: 18    Spells: 2/2 levels left

rFire   . . .        Y - +0 shortbow
rCold   . . .        (shield currently unavailable)
rNeg    . . .        h - +0 ring mail
rPois   .            (no helmet)
rElec   .            (no cloak)
rCorr   .            (no gloves)
SInv    .            (no boots)
Will    .....        (no amulet)
Stlth   +            (no ring)
HPRegen 0.23/turn    (no ring)
MPRegen 0.09/turn

%: no passive effects
@: no status effects
A: no striking features
a: no special abilities


You were on level 2 of the Dungeon.
You visited 1 branch of the dungeon, and saw 2 of its levels.

You collected 89 gold pieces.


   Skills:
 - Level 1.5 Fighting
 + Level 6.9 Ranged Weapons
 - Level 2.4 Dodging
 - Level 1.2 Stealth


You had 2 spell levels left.
You didn't know any spells.
Your spell library was empty.

Inventory:

Hand Weapons
 Y - a +0 shortbow (weapon)
Armour
 b - a +2 leather armour of willpower
 h - a +0 ring mail (worn)
Scrolls
 a - a scroll of identify
 g - a scroll of teleportation
Potions
 c - a potion of attraction {unknown}
 d - a potion of mutation {unknown}
 i - a potion of curing

Dungeon Overview and Level Annotations

Branches:
Dungeon (2/15)

Altars:


Message History

You kill the hobgoblin!
A kobold comes into view. It is wielding a +0 dagger.
The kobold shouts!
Enter note:
Enter note:
Enter note:
Enter note:
Enter note:
Enter note:
Enter note:
Enter note:
Enter note:
Enter note:
Enter note:
Enter note: You shoot an arrow.
The arrow barely misses the kobold.
You shoot an arrow.
The arrow hits the kobold but does no damage.
You shoot an arrow. The arrow barely misses the kobold.
A ball python comes into view.
You shoot an arrow. The ball python hisses angrily.
The arrow hits the kobold.
The kobold is moderately wounded.
An ogre comes into view. It is wielding a +0 giant spiked club.
You shoot an arrow. The arrow closely misses the kobold.
The kobold hits you but does no damage.
You shoot an arrow. The arrow barely misses the kobold.
The kobold hits you but does no damage.
You shoot an arrow. The arrow closely misses the kobold.
The kobold barely misses you.
You shoot an arrow. The arrow hits the kobold.
You kill the kobold!
You shoot an arrow. The arrow hits the ball python!
You kill the ball python!
You shoot an arrow. The arrow hits the ogre!
The ogre is moderately wounded.
The ogre hits you with a +0 giant spiked club!!!
Ouch! That really hurt!
You die...

......... .......#
#.#.##..# #.#.#..#
#.#.##..# #.#.#..# #
##.#.##..# #.#.#..#.#
...#.##..###.#.#..#.####
........................
####..#..###.#..........
........................
......#..###.#.#@.#.###
###...#..# #.#.#O.# #
#...#..# #.#.#.?#
###...#..###.#.#..#
...................
......#..###.#.#..#.
....................
................... .
#.#..........


You could see an ogre.

Vanquished Creatures
  A dart slug (D:1)
  4 endoplasms
  A giant cockroach (D:1)
  5 goblins (D:1)
  3 hobgoblins
  6 jackals
  3 quokkas (D:1)
  2 ball pythons
  2 frilled lizards (D:1)
  2 kobolds
  4 rats (D:1)
33 creatures vanquished.

Notes
Turn   | Place    | Note
-------+----------+-------------------------------------------
     0 | D:1      | qw the Deep Elf Hunter began the quest for the Orb.
     0 | D:1      | Reached XP level 1. HP: 12/12 MP: 3/3
     0 | D:1      | 0 ||| qw: Version: 0.3-a-9-g12657ce
     0 | D:1      | 0 ||| qw: Game counter: 1914
     0 | D:1      | 0 ||| qw: Always use a shield: true
     0 | D:1      | 0 ||| qw: God list: Okawaru
     0 | D:1      | 0 ||| qw: Allow faded altars: false
     0 | D:1      | 0 ||| qw: Do Orc after D:15 true
     0 | D:1      | 0 ||| qw: Do second Lair branch before Depths: true
     0 | D:1      | 0 ||| qw: Lair rune preference: random
     0 | D:1      | 0 ||| qw: Plans: Normal
     0 | D:1      | 0 ||| PLANNING D:1-11
   107 | D:1      | Reached XP level 2. HP: 16/16 MP: 4/4
   110 | D:1      | Reached skill level 6 in Ranged Weapons
   478 | D:1      | Reached XP level 3. HP: 20/20 MP: 5/5
   647 | D:1      | 647 ||| UPGRADING to +0 ring mail.
   657 | D:1      | 657 ||| DROPPING +0 leather armour.
   658 | D:1      | 658 ||| DROPPING ring of flight.
   659 | D:1      | 659 ||| READING 4 scrolls labelled AGIHAPHEFUSK.
   660 | D:1      | 660 ||| READING scroll labelled NAAGEG REKKAQ.
   661 | D:1      | 661 ||| READING 2 scrolls labelled YFIQAU QI KINN.
   664 | D:1      | 664 ||| READING 3 scrolls of identify.
   664 | D:1      | 664 ||| IDENTIFYING smoky brown potion
   665 | D:1      | 665 ||| READING 2 scrolls of identify.
   665 | D:1      | 665 ||| IDENTIFYING fizzy inky potion
   666 | D:1      | 666 ||| DROPPING scroll of butterflies.
   667 | D:1      | 667 ||| DROPPING potion of berserk rage.
   876 | D:2      | Noticed an ogre
   882 | D:2      | Demolished by an ogre

Levels and vault maps discovered:
D:1:      saegor_arrival_simple_a, layout_loops_ring
D:2:      layout_basic

Skill      XL: |  1  2 |
---------------+-------+-----
Ranged Weapons | 6 |  6.9
Fighting       | |  1.5
Dodging        | |  2.4
Stealth        | |  1.2

Action                     || total
---------------------------++-------
   Fire: Shortbow          ||    90
    Use: Scroll            ||     5
 Armour: Leather armour    ||     6
         Ring mail         ||     2
  Dodge: Dodged            ||     6

Table legend:
 A = Non-vault XP
 B = Vault XP
 C = Vault XP percentage of total XP
 D = Non-vault monster count
 E = Vault monster count
 F = Vault count percentage of total count
                 A         B        C        D         E       F
            +---------+---------+-------+---------+---------+-------
      Total |      57 |       0 |   0.0 |      33 |       0 |   0.0
            +---------+---------+-------+---------+---------+-------
        D:1 |      48 |       0 |   0.0 |      28 |       0 |   0.0
        D:2 |       9 |       0 |   0.0 |       5 |       0 |   0.0
            +---------+---------+-------+---------+---------+-------
